[Event "*** Titled Tuesday Blitz"]
[Site "Chess.com"]
[Date "2020.05.05"]
[Round "5"]
[White "KoustavChatterjee1"]
[Black "Kobalia"]
[Result "1-0"]
[WhiteElo "2594"]
[BlackElo "2735"]
[TimeControl "180+1"]
[EndTime "10:58:12 PDT"]
[Termination "KoustavChatterjee1 won on time"]

1. d4 d5 2. c4 c6 3. Nc3 dxc4 4. e3 b5 5. a4 b4 6. Ne4 Qd5 7. Nd2 Ba6 8. Qc2 c5 9. dxc5 Nf6 10. Ngf3 Nbd7 11.
Bxc4 Bxc4 12. Qxc4 Qxc4 13. Nxc4 Nxc5 14. Nd4 g6 15.
Bd2 Nfe4 16. Ke2 Nxd2 17. Nxd2 Bg7 18. Rhc1 Bxd4 19. exd4 Ne6 20. Ke3 Rd8 21. Rc4 a5 22.
Nb3 Ra8 23. d5 Ng7 24. Rc5 Nf5+ 25. Kd3 Kd7 26. Rac1 Ra7 27. Rxa5 Rxa5 28. Nxa5 Kd6 29. Ke4 Ra8 30. Nb7+ Kd7 31. b3 Nd6+ 32. Nxd6 Kxd6 33. Rc6+ Kd7 34. Rb6 Rc8 35. Rxb4 Rc2 36. Kf3 Kd6 37. Rb7 Rd2 38. a5 Rxd5 39. b4 Rd3+ 40. Ke4 Ra3 41. Kd4 Ra2 42. f4 f6 43. g3 h5 44. Rb6+ Kc7 45. h4 Ra3 46. Re6 Kd7 47. Re3 e5+ 48.
fxe5 fxe5+ 49. Ke4 Ra4 50. Rb3 Ke6 51. Rb1 Kd6 52. Rb3 Ke6 53. Rb2 Kd6 54. Kd3 Kd5 55. Kc3 e4 56. Rd2+ Ke5 57. Rd8 Ra3+ 58. Kc4 e3 59. Re8+ Kf5 60. Kb5 Kg4 61. a6 Kf3 62. Kb6 e2 63. a7 Kf2 64. Kb7 e1=Q 65. Rxe1 Kxe1 66. a8=Q 1-0

[Event "*** Titled Tuesday Blitz"]
[Site "Chess.com"]
[Date "2020.05.05"]
[Round "5"]
[White "KNVB"]
[Black "Zhani-Z"]
[Result "1-0"]
[WhiteElo "2761"]
[BlackElo "2517"]
[TimeControl "180+1"]
[EndTime "10:58:13 PDT"]
[Termination "KNVB won on time"]

1. d4 Nf6 2. Bf4 d5 3. e3 c5 4.
Nf3 Nc6 5. Nbd2 Qb6 6. dxc5 Qxc5 7. c4 Bg4 8. a3 e6 9. b4 Qb6 10.
h3 Bxf3 11. Nxf3 dxc4 12. Bxc4 Be7 13. O-O O-O 14. Qe2 Rfd8 15. Rfd1 h6 16. Rac1 Rxd1+ 17. Qxd1 Rd8 18. Qb3 Nd5 19. Bg3 Bf6 20. e4 Nde7 21.
e5 Bg5 22. Rd1 Nf5 23. Rxd8+ Bxd8 24. Bxe6 Nxg3 25. Bxf7+ Kh8 26. Qe6 Be7 27. Qc8+ Nd8 28.
Qd7 Nxf7 29. Qxe7 Ng5 30. Nh4 Ne2+ 31. Kh2 Qd4 32. g3 Qxf2+ 33. Ng2 Qxg3+ 34. Kh1 Nxh3 35. Qf8+ Kh7 36. Qf5+ Qg6 37. Qxh3 Ng3+ 38. Kh2 Qg5 39. Qxg3 Qh5+ 40. Kg1 Qd1+ 41. Qe1 Qf3 42. e6 Qf8 43. e7 Qe8 44. Qe4+ Kh8 45. Qe6 b5 46. Nf4 a5 47.
Nd5 axb4 48. axb4 Kh7 49. Qe4+ g6 50. Nf6+ Kh8 51. Nxe8 1-0

[Event "*** Titled Tuesday Blitz"]
[Site "Chess.com"]
[Date "2020.05.05"]
[Round "5"]
[White "alexsergeyev"]
[Black "Riptide27"]
[Result "1/2-1/2"]
[WhiteElo "2388"]
[BlackElo "2533"]
[TimeControl "180+1"]
[EndTime "10:58:13 PDT"]
[Termination "Game drawn by repetition"]

1. c4 b6 2. Nc3 Bb7 3. Nf3 e6 4.
e4 Bb4 5. d3 Bxc3+ 6. bxc3 c5 7. Be2 Ne7 8. O-O O-O 9. a4 Nbc6 10. Bf4 d6 11. h3 Ng6 12. Bg3 Nce5 13. Nd2 f5 14.
exf5 exf5 15. d4 Nc6 16. Bf3 f4 17. Bh2 Na5 18. Re1 Qd7 19. Bd5+ Bxd5 20. cxd5 cxd4 21.
cxd4 Qf5 22. Qf3 Rae8 23. Rac1 Kh8 24. Re4 h6 25. Rce1 Rc8 26. Re6 Rc2 27. Ne4 Nb7 28. Qg4 Qxg4 29. hxg4 Kh7 30. Nxd6 Nxd6 31. Rxd6 Rfc8 32.
Rde6 Rd2 33. R6e4 Rcc2 34. Rf1 Re2 35. Rxe2 Rxe2 36. Rd1 Kg8 37. Kf1 Ra2 38. d6 Kf7 39. d5 Rxa4 40. f3 Ke8 41. Re1+ Kd7 42. Re6 Nf8 43.
Re7+ Kd8 44. Rxg7 Rd4 45. Ke2 a5 46. Ra7 Ke8 47. Re7+ Kd8 48. Ra7 Ke8 49. Re7+ Kd8 50. Ra7 1/2-1/2

[Event "*** Titled Tuesday Blitz"]
[Site "Chess.com"]
[Date "2020.05.05"]
[Round "5"]
[White "suneebaker"]
[Black "canary2016"]
[Result "0-1"]
[WhiteElo "2165"]
[BlackElo "1918"]
[TimeControl "180+1"]
[EndTime "10:58:13 PDT"]
[Termination "canary2016 won by resignation"]

1. d4 d5 2. c4 c6 3. Nf3 Nf6 4. e3 Bf5 5. cxd5 cxd5 6. Qb3 Qc7 7. Nc3 e6 8. Nb5 Qc8 9. Bd2 Be7 10. Rc1 Nc6 11.
Be2 O-O 12. O-O a6 13. Nc3 Qd7 14. Na4 Qc7 15. Nb6 Rad8 16. Ne5 Bd6 17. f4 Ne4 18. Be1 f6 19. Nxc6 bxc6 20. Na4 Rb8 21. Qd3 Ng3 22. Qxa6 Nxf1 23. Rxc6 Qb7 24. Kxf1 Qxa6 25. Bxa6 Bb4 26. a3 Bxe1 27. Kxe1 Rb3 28. Kd2 Rfb8 29. h3 h5 30. Be2 g6 31. g4 hxg4 32. hxg4 Be4 33. Rxe6 Kf7 34. Ra6 Rc8 35. Ra7+ Kg8 36. g5 Rc2+ 37.
Ke1 Rxe3 38. Nc3 Bd3 39. Kd1 Rxb2 40. Bxd3 Rxd3+ 41. Kc1 Rf2 42. Nxd5 fxg5 43. fxg5 Rxd4 44. Nf6+ Kf8 45. a4 Rc4+ 46. Kd1 Rb4 47. Ke1 Ra2 48.
Rd7 Rb1+ 49. Rd1 Rbb2 50. Rd8+ Ke7 51. Rd7+ Ke6 52. Rd1 Rxa4 53. Kf1 Rf4+ 54. Kg1 Rff2 55. Re1+ Kf7 56. Ne4 Rg2+ 57. Kf1 Rh2 58. Nd6+ Kf8 59. Kg1 Rhe2 60. Rf1+ Ke7 61. Nc4 Rg2+ 62. Kh1 Rh2+ 0-1

[Event "*** Titled Tuesday Blitz"]
[Site "Chess.com"]
[Date "2020.05.05"]
[Round "5"]
[White "AvitalBor"]
[Black "vpsetter"]
[Result "0-1"]
[WhiteElo "2825"]
[BlackElo "2629"]
[TimeControl "180+1"]
[EndTime "10:58:17 PDT"]
[Termination "vpsetter won by resignation"]

1. e4 e5 2. Nf3 Nc6 3. Bb5 Nf6 4. d3 Bc5 5. O-O Nd4 6. Nxd4 Bxd4 7. c3 Bb6 8. Bg5 h6 9. Bh4 O-O 10. Nd2 d5 11.
Ba4 dxe4 12. Nxe4 g5 13. Bg3 Nxe4 14. dxe4 Qxd1 15. Rfxd1 Bg4 16. Rd5 f6 17. Bb3 Kg7 18.
Kf1 c6 19. Rd2 Rad8 20. Rxd8 Rxd8 21. f3 Bc8 22. Ke2 Bc5 23. a4 a5 24. Bc4 h5 25.
h4 g4 26. Rd1 gxf3+ 27. gxf3 Rxd1 28. Kxd1 Bd7 29. Ke2 b5 30. Bb3 Bd6 31. Bf2 c5 32. axb5 Bxb5+ 33. Kd2 a4 34. Bc2 Kf7 35. Bb1 Ke7 36. Bd3 Bc6 37. Bc4 f5 38. Kd3 fxe4+ 39. fxe4 Bd7 40. Ba6 Bc6 41. Bc4 Kf6 42. Be3 Kg6 43.
Bg5 Bd7 44. Bd5 Bb5+ 45. c4 Bd7 46. Ke3 Kg7 47. Kd3 Kf8 48. Kc3 Be7 49. Bh6+ Ke8 50. Bg5 Bxg5 51. hxg5 h4 52. g6 Kf8 53. Kd2 h3 54.
Be6 Bxe6 0-1

[Event "*** Titled Tuesday Blitz"]
[Site "Chess.com"]
[Date "2020.05.05"]
[Round "5"]
[White "K_A_S_T_O_R"]
[Black "NewBornNow"]
[Result "1/2-1/2"]
[WhiteElo "2779"]
[BlackElo "2603"]
[TimeControl "180+1"]
[EndTime "10:58:17 PDT"]
[Termination "Game drawn by repetition"]

1. e4 c5 2. Nf3 d6 3. d4 cxd4 4. Nxd4 Nf6 5. Nc3 a6 6. Bg5 e6 7.
f4 Nc6 8. Nxc6 bxc6 9. e5 h6 10. Bh4 g5 11. fxg5 Nd5 12. Ne4 dxe5 13. Nf6+ Nxf6 14.
Qxd8+ Kxd8 15. gxf6 Kc7 16. Be2 h5 17. Bg5 h4 18.
O-O Bb7 19. Bf3 h3 20. g3 c5 21. Bxb7 Kxb7 22. Rad1 Kc6 23. Rfe1 Bd6 24. Kf2 Rag8 25. Bh4 Rg6 26. Kf3 Rxh4 27. gxh4 Rxf6+ 28. Kg3 e4+ 29.
Rxd6+ Kxd6 30. Rxe4 e5 31. Re2 Rg6+ 32. Kxh3 f5 33.
h5 Rg5 34. Kh4 Rg4+ 35. Kh3 e4 36. Rg2 Rxg2 37. Kxg2 Ke5 38. Kg3 f4+ 39. Kg4 e3 40. Kf3 Kf5 41. c3 Kg5 42. b4 cxb4 43. cxb4 Kxh5 44.
a4 Kh4 45. b5 axb5 46. axb5 Kh3 47. b6 e2 48. Kxe2 Kg2 49. b7 f3+ 50. Ke3 f2 51. b8=Q f1=Q 52. Qg3+ Kh1 53. h4 Qc1+ 54. Kf3 Qc3+ 55.
Kg4 Qc8+ 56. Kf3 Qc3+ 57. Kf2 Qc2+ 58. Kf1 Qc4+ 59. Ke1 Qe6+ 60. Kd2 Qa2+ 61. Ke3 Qb3+ 62. Kf4 Qb8+ 63. Kf3 Qb3+ 64. Kg4 Qg8+ 65. Kf3 Qb3+ 66. Kf2 Qc2+ 67. Kf1 Qd1+ 68. Kf2 Qc2+ 1/2-1/2

[Event "*** Titled Tuesday Blitz"]
[Site "Chess.com"]
[Date "2020.05.05"]
[Round "5"]
[White "Leo_C"]
[Black "Margarita2907"]
[Result "0-1"]
[WhiteElo "2273"]
[BlackElo "1994"]
[TimeControl "180+1"]
[EndTime "10:58:19 PDT"]
[Termination "Margarita2907 won by checkmate"]

1. d4 Nf6 2. Bf4 e6 3. e3 d5 4. Nf3 Bd6 5. Bg3 O-O 6. Bd3 c5 7. c3 b6 8. Nbd2 Bb7 9. O-O Nc6 10. Ne5 Qc7 11. f4 Ne7 12. Qc2 c4 13. Be2 b5 14.
Bf3 a5 15. Bh4 Nd7 16. e4 f6 17. Nxd7 Qxd7 18. e5 fxe5 19. fxe5 Bc7 20. Bg4 Ng6 21. Bg3 b4 22. Nf3 bxc3 23. bxc3 Bd8 24. Rab1 Bc6 25.
Qb2 Nf4 26. Qd2 Nd3 27. Ng5 Bxg5 28. Qxg5 Ba4 29. h4 Bc2 30. Rxf8+ Rxf8 31. Rb6 Re8 32. Rxe6 Rxe6 33. Qf5 Re7 34. Qxd7 Rxd7 35. Bxd7 Kf7 36. e6+ Ke7 37. Bc7 a4 38. Ba5 a3 39. Kh2 Bb1 40. Bb6 Bxa2 41. Bc5+ Nxc5 42. dxc5 Bb3 43. c6 Kd6 44. c7 Kxc7 45. Be8 Kd6 46. Bg6 hxg6 47. e7 Kxe7 48. Kg3 a2 49. Kg4 a1=Q 50. Kg5 Qxc3 51. Kxg6 Qd3+ 52. Kxg7 c3 53. Kh8 c2 54. Kg7 c1=Q 55.
Kh8 Qcd2 56. Kg7 Qxg2+ 57. Kh8 Qdh3 58. Kh7 Qxh4# 0-1

[Event "*** Titled Tuesday Blitz"]
[Site "Chess.com"]
[Date "2020.05.05"]
[Round "5"]
[White "Olga_Zhuravleva"]
[Black "UCantHandleDenker"]
[Result "0-1"]
[WhiteElo "2262"]
[BlackElo "2572"]
[TimeControl "180+1"]
[EndTime "10:58:20 PDT"]
[Termination "UCantHandleDenker won by resignation"]

1. e4 c5 2. Nf3 d6 3. d4 cxd4 4. Nxd4 Nf6 5. Nc3 g6 6. Be2 Bg7 7. O-O O-O 8. Re1 Nc6 9. Nb3 a6 10. Bf1 b5 11. Bg5 Bb7 12. Nd5 Nxd5 13. exd5 Ne5 14.
c3 Re8 15. Rc1 Rc8 16. Rc2 Bf6 17. Bxf6 exf6 18. Rce2 Rf8 19. Re3 f5 20. f3 f4 21.
Re4 Qg5 22. Kh1 Nc4 23. Bxc4 Rxc4 24. Na5 Rxe4 25. fxe4 Bc8 26. Nc6 Re8 27. Qd4 Bg4 28. h3 f3 29. Qf2 fxg2+ 30. Qxg2 Qh4 31. Re3 Bd7 32. Nd4 Re5 33. Kh2 Rg5 34. Rg3 Qf4 35. Ne2 Qe5 36. Kg1 Rxg3 37. Nxg3 Kg7 38. Kh2 h6 39.
Qf3 h5 40. Kg2 h4 41. Ne2 f5 42. exf5 Bxf5 43. Kf2 Qh2+ 44. Ke3 Qe5+ 45. Kd2 Be4 46. Qe3 Qxd5+ 47. Kc1 Bf5 48. Nd4 Qh1+ 49. Kd2 Qg2+ 50. Ke1 Qh1+ 51. Kd2 Qxh3 52. Nxf5+ Qxf5 53. Qe7+ Qf7 54. Qxd6 g5 55. Qd4+ Kg6 56. Qe4+ Qf5 57. Qc6+ Qf6 58.
Qe4+ Kh6 59. Qe8 h3 60. Qc8 Qf4+ 61. Kd3 g4 62. Qh8+ Kg5 63. Qg7+ Kh4 64. Qh7+ Kg3 65. Qa7 Qf3+ 66. Kc2 Qf2+ 0-1

[Event "*** Titled Tuesday Blitz"]
[Site "Chess.com"]
[Date "2020.05.05"]
[Round "5"]
[White "Omk124"]
[Black "mitraasz"]
[Result "1/2-1/2"]
[WhiteElo "2388"]
[BlackElo "2214"]
[TimeControl "180+1"]
[EndTime "10:58:20 PDT"]
[Termination "Game drawn by repetition"]

1. e4 c5 2. Nf3 d6 3. d4 cxd4 4. Nxd4 Nf6 5. Nc3 g6 6. Be3 Bg7 7. f3 O-O 8. Qd2 Nc6 9. O-O-O d5 10. Qe1 e5 11. Nxc6 bxc6 12. exd5 Nxd5 13. Bc4 Be6 14.
Kb1 Rb8 15. Bc5 e4 16. Bxd5 cxd5 17. Bxf8 Qxf8 18. b3 Qa3 19. fxe4 dxe4 20. Qe3 a5 21. Rd4 Qc5 22. Rd8+ Rxd8 23. Qxc5 Rc8 24. Qxc8+ Bxc8 25. Nxe4 Bf5 26. Re1 Be5 27. Ng3 Bxg3 28. hxg3 Kg7 29. Kb2 Be6 30. c4 Bd7 31. Kc3 Bc6 32. Re2 Kf6 33. Kd4 h5 34. Kc5 Bd7 35. Kd6 Bg4 36. c5 Bxe2 37. c6 Ba6 38. Kd7 g5 39. a3 h4 40.
gxh4 gxh4 41. b4 axb4 42. axb4 Bb5 43. Kd6 Kg7 44. c7 Ba6 45. b5 Bc8 46. Kc6 f5 47. b6 h3 48. b7 Bxb7+ 49. Kxb7 hxg2 50. c8=Q g1=Q 51. Qc3+ Kg6 52. Qc6+ Kh5 53. Qf6 Qg2+ 54. Kc7 Qg6 55. Qh8+ Kg4 56. Qd4+ f4 57. Qg1+ Kf5 58. Qc5+ Kf6 59. Qd4+ Kg5 60. Qg1+ Kh6 61. Qh2+ Kg5 62. Qg2+ Kf5 63. Qd5+ Kf6 64. Qd4+ Kf5 65. Qd3+ Kg5 66. Qd5+ Kg4 67. Qg2+ Kh5 68. Qh3+ Kg5 69. Qg2+ Kf5 70. Qd5+ Kg4 71. Qg2+ Kf5 1/2-1/2

[Event "*** Titled Tuesday Blitz"]
[Site "Chess.com"]
[Date "2020.05.05"]
[Round "5"]
[White "1random"]
[Black "Malysch"]
[Result "1/2-1/2"]
[WhiteElo "2524"]
[BlackElo "2387"]
[TimeControl "180+1"]
[EndTime "10:58:22 PDT"]
[Termination "Game drawn by repetition"]

1. e4 d5 2. exd5 Qxd5 3. Nc3 Qd6 4. d4 Nf6 5. Nf3 a6 6. Bd3 Nc6 7. Ne4 Nxe4 8. Bxe4 Bg4 9. c3 e6 10. h3 Bh5 11. O-O Bg6 12. Bxg6 hxg6 13. Bg5 Be7 14. Bxe7 Qxe7 15. Qb3 O-O-O 16. Qc4 Qd6 17. Rfe1 Qd5 18. Qxd5 exd5 19. Ng5 Rdf8 20. g3 Kd7 21. h4 Nd8 22. Re3 f6 23. Nf3 Re8 24. Rae1 Rxe3 25. Rxe3 Re8 26. Rxe8 Kxe8 27. Ne1 Kd7 28. Nd3 Ne6 29. Kg2 Kd6 30. Kf3 b6 31. b3 a5 32. Ke3 Ke7 33. c4 Kd6 34. a3 c5 35.
dxc5+ Nxc5 36. Nf4 Nxb3 37. cxd5 b5 38. Nxg6 Kxd5 39. Kd3 Nc5+ 40. Kc2 Ne4 41. Nf4+ Kc4 42. Nh5 b4 43. axb4 axb4 44. Nxg7 b3+ 45. Kb2 Nxf2 46. Nf5 Nd1+ 47. Kc1 Kc3 48. h5 b2+ 49. Kb1 Kb3 50. Nd4+ Ka3 51. Nb5+ Kb3 52. Nd4+ Ka3 53. Nb5+ Kb3 54.
h6 Ne3 55. h7 Nc4 56. Nd4+ Ka3 57. Nc2+ Kb3 58. Nd4+ Kc3 59. Ne2+ Kb3 60. Nd4+ 1/2-1/2

[Event "*** Titled Tuesday Blitz"]
[Site "Chess.com"]
[Date "2020.05.05"]
[Round "5"]
[White "Grischuk"]
[Black "Maybe00"]
[Result "1-0"]
[WhiteElo "3122"]
[BlackElo "2811"]
[TimeControl "180+1"]
[EndTime "10:58:23 PDT"]
[Termination "Grischuk won by resignation"]

1. Nf3 d5 2. g3 c6 3. Bg2 Bg4 4.
O-O e6 5. c4 Nf6 6. d4 Nbd7 7.
cxd5 exd5 8. Nc3 Be7 9. Ng5 h6 10. Nh3 O-O 11. f3 Bf5 12. e4 dxe4 13. fxe4 Bg4 14.
Qd2 Nb6 15. Nf4 Nh5 16. Qf2 Nxf4 17. Bxf4 Qd7 18. b3 Bh3 19. a4 Bxg2 20. Kxg2 Rad8 21. Rad1 Bb4 22. Na2 Bd6 23. a5 Nc8 24. Be3 Qe6 25. e5 Bc7 26. b4 Ne7 27. Nc3 Nd5 28. Ne4 b6 29. Bd2 f5 30. Nc3 Nxc3 31. Bxc3 Rd5 32. Qf3 bxa5 33. bxa5 Bxa5 34. Bxa5 Rxa5 35. Rc1 Rd5 36.
Rc4 Rfd8 37. Qxf5 Qxf5 38. Rxf5 Rxd4 39. Rxc6 Rd2+ 40. Rf2 Rxf2+ 41. Kxf2 Rd2+ 42. Kf3 Kf7 43.
h4 a5 44. Ra6 Ra2 45. h5 a4 46. Ke4 a3 47. Ra7+ Kg8 48. Kf5 Kh7 49. Ke6 Ra1 50.
Ke7 Ra2 51. e6 Ra1 52. g4 Ra2 53. Rd7 Ra1 54. Rd3 a2 55. Rd2 g6 56. Kd7 Rb1 57. Rxa2 Rb7+ 58. Kc6 Rg7 59. Kd6 gxh5 60. gxh5 Rg1 61.
e7 Rd1+ 62. Ke6 Re1+ 63. Kf7 Rf1+ 64. Ke8 Kg7 65. Rd2 Kf6 66. Kd7 1-0

[Event "*** Titled Tuesday Blitz"]
[Site "Chess.com"]
[Date "2020.05.05"]
[Round "5"]
[White "BilodeauA"]
[Black "AlexTriapishko"]
[Result "1/2-1/2"]
[WhiteElo "2899"]
[BlackElo "2748"]
[TimeControl "180+1"]
[EndTime "10:58:24 PDT"]
[Termination "Game drawn by repetition"]

1. e4 c6 2. Nf3 d5 3. d3 Bg4 4. h3 Bh5 5. Qe2 e6 6. g4 Bg6 7. h4 dxe4 8. dxe4 Nf6 9. Nbd2 Nxg4 10. h5 Bc5 11. hxg6 Bxf2+ 12. Qxf2 Nxf2 13. gxf7+ Kxf7 14. Kxf2 Nd7 15. Nb3 h6 16. Be3 Rf8 17. Kg2 Kg8 18. Bd3 Qf6 19. Rh3 Ne5 20. Nxe5 Qxe5 21. Rg3 Rad8 22.
Rg1 Rxd3 23. cxd3 Qxb2+ 24. Kh3 Rf7 25. Bd4 Qe2 26. Rxg7+ Rxg7 27. Rxg7+ Kf8 28. Nc5 Qf3+ 29. Kh4 Qh1+ 30. Kg4 Qg2+ 31. Kf4 Qh2+ 32. Kf3 Qh3+ 33. Ke2 b6 34. Nd7+ Ke8 35. Nf6+ Kd8 36. Be5 Qh1 37. Bd6 Kc8 38. Rc7+ Kb8 39. Nd7+ Ka8 40. Ne5 Qg2+ 41. Ke3 Qg3+ 42. Kd4 Qf2+ 43. Kc3 Qe1+ 44. Kc4 Qc1+ 45. Kd4 Qg1+ 46. Kc4 Qc1+ 47. Kb3 Qb1+ 48. Ka3 Qc1+ 49. Ka4 Qc2+ 50. Kb4 Qb2+ 51. Kc4 Qc2+ 52. Kd4 Qf2+ 53. Kc3 Qe1+ 54. Kc2 Qe2+ 55. Kb3 Qd1+ 56. Kb4 Qb1+ 57. Ka4 Qc2+ 58. Kb4 Qb2+ 59. Kc4 Qc2+ 60. Kd4 Qf2+ 1/2-1/2

[Event "*** Titled Tuesday Blitz"]
[Site "Chess.com"]
[Date "2020.05.05"]
[Round "5"]
[White "vanea_03"]
[Black "Konavets"]
[Result "1/2-1/2"]
[WhiteElo "2643"]
[BlackElo "2926"]
[TimeControl "180+1"]
[EndTime "10:58:24 PDT"]
[Termination "Game drawn by repetition"]

1. d4 Nf6 2. c4 e6 3. g3 d5 4. Bg2 dxc4 5. Nf3 a6 6. O-O Nc6 7. e3 Bd7 8. Qe2 b5 9. b3 cxb3 10. axb3 Be7 11. Bb2 O-O 12. Nbd2 Nb4 13. Rfc1 Rb8 14.
Ne5 Rb6 15. Bc3 Nfd5 16. Bb2 Bc8 17. Ne4 c6 18. Nc5 f6 19. Nf3 f5 20. Ne5 Bd6 21. Ned3 Nxd3 22. Nxd3 Qe7 23. Rc2 Bb7 24. Nc5 Nb4 25. Rcc1 Bc8 26. Bc3 Nd5 27. Ba5 Rb8 28.
Nd3 b4 29. Rxc6 Rb5 30. Bxd5 exd5 31. Bb6 f4 32. Rxd6 f3 33. Qf1 Qxd6 34. Bc5 Rxc5 35. dxc5 Qc7 36. Rc1 a5 37. Nf4 Qc6 38. Qd3 Bb7 39. h4 Qd7 40. Qd4 Bc6 41. Ra1 Ra8 42. Qe5 a4 43. bxa4 b3 44. a5 Qb7 45. h5 Re8 46. Qb2 Qb4 47. h6 d4 48. exd4 Re1+ 49. Rxe1 Qxe1+ 50. Kh2 Bb5 51. d5 gxh6 52. Nh5 Kf7 53.
Qg7+ Ke8 54. Nf6+ Kd8 55. Qf8+ Kc7 56. Qd6+ Kb7 57. c6+ Ka6 58. c7+ Kxa5 59. Qa3+ Kb6 60. Qd6+ Ka5 61. Qa3+ Kb6 62. Qd6+ Kb7 63. c8=Q+ Kxc8 64.
Qc5+ Kd8 65. Qd6+ Kc8 66. Qc5+ Kd8 67. Qd6+ Kc8 1/2-1/2

[Event "*** Titled Tuesday Blitz"]
[Site "Chess.com"]
[Date "2020.05.05"]
[Round "5"]
[White "Kimster98"]
[Black "Falia-p"]
[Result "1-0"]
[WhiteElo "2533"]
[BlackElo "2374"]
[TimeControl "180+1"]
[EndTime "10:58:24 PDT"]
[Termination "Kimster98 won by resignation"]

1. d4 Nf6 2. Bf4 d5 3. e3 e6 4. Nd2 Bd6 5. Bg3 O-O 6. Bd3 c5 7. c3 Qc7 8. dxc5 Qxc5 9. Bxd6 Qxd6 10. Ngf3 e5 11. e4 Re8 12. O-O Bg4 13. h3 Bh5 14. Qc2 Nc6 15. exd5 Qxd5 16. Ng5 Bg6 17. Bxg6 hxg6 18.
Nge4 Nxe4 19. Nxe4 Rad8 20. Rfd1 Qe6 21. b4 Qf5 22. Qe2 Ne7 23. Ng3 Qe6 24. Qf3 Nd5 25. Ne4 Qf5 26. Qxf5 gxf5 27. Nc5 b6 28. Nb7 Rd7 29.
c4 Rxb7 30. Rxd5 Rc7 31. Rc1 f6 32. c5 bxc5 33. Rdxc5 Rd7 34. Rc7 Red8 35. a3 Kf7 36. f3 Ke6 37. R1c6+ Ke7 38. Kf2 f4 39. Ke2 g5 40. b5 f5 41. a4 e4 42. a5 e3 43.
b6 axb6 44. axb6 Ke8 45. Rxd7 Rxd7 46. Rc5 Rd2+ 47. Kf1 Rd1+ 48. Ke2 Rd2+ 49. Ke1 Rb2 50. Rxf5 Rb1+ 51. Ke2 Rb2+ 52. Ke1 Rb1+ 53. Ke2 Rb2+ 54. Kd3 Rxb6 55. Rxg5 Re6 56. Ke2 Rd6 57. Rg4 Rd2+ 58. Ke1 Rb2 59. Rxf4 Rxg2 60. h4 Rh2 61. Re4+ Kf8 62. Kf1 Kf7 63. Kg1 Rh3 64. Kg2 e2 65. Kxh3 1-0

[Event "*** Titled Tuesday Blitz"]
[Site "Chess.com"]
[Date "2020.05.05"]
[Round "5"]
[White "Sanan_Sjugirov"]
[Black "MarcoRiehle"]
[Result "1-0"]
[WhiteElo "2857"]
[BlackElo "2615"]
[TimeControl "180+1"]
[EndTime "10:58:29 PDT"]
[Termination "Sanan_Sjugirov won by resignation"]

1. e4 e5 2. Nf3 Nf6 3. d4 Nxe4 4. Bd3 Nc6 5. dxe5 Nc5 6. Bc4 d6 7. Bg5 Qd7 8. Qe2 d5 9. Bb3 Nxb3 10. axb3 Qg4 11.
Nc3 Bb4 12. O-O Bxc3 13. bxc3 O-O 14. Rfe1 Re8 15. Ra4 Qf5 16. Bc1 Bd7 17. Rf4 Qe6 18. Qd1 Re7 19. h4 h6 20. h5 Rae8 21. Ba3 f6 22. Bxe7 Qxe7 23. exf6 Qf7 24. Rxe8+ Bxe8 25. Rf5 Bd7 26. Rxd5 Be6 27. Rd2 Qxf6 28. Qe2 Bf7 29.
Qe3 Bxh5 30. Nd4 Ne5 31. f3 Bf7 32. Re2 Ng6 33. Qe4 c6 34. Qf5 Qh4 35. Re4 Qg3 36. Qg4 Qc7 37. Nf5 Kh7 38. Re1 Qb6+ 39. Qd4 Qxd4+ 40. cxd4 Nf4 41. Nd6 Bd5 42. Kf2 Ne6 43. c4 Nxd4 44. cxd5 cxd5 45. Rd1 Nxb3 46. Rxd5 b6 47. Nb5 Na5 48. Nxa7 Nc4 49. Nb5 h5 50.
Nc3 Kh6 51. Rd4 Nb2 52. Rd6+ g6 53. Rxb6 Nd3+ 54. Kg1 Nf4 55. Ne4 h4 56. Kf2 Kh5 57. g3 hxg3+ 58. Nxg3+ Kg5 59. Ne4+ Kh5 60. Rb5+ Kh6 61.
Rb8 Kg7 62. Kg3 Nd3 63. Kg4 Ne5+ 64. Kf4 Nd3+ 65. Kg5 Ne5 66. Rb7+ Kf8 67. Kf6 1-0

[Event "*** Titled Tuesday Blitz"]
[Site "Chess.com"]
[Date "2020.05.05"]
[Round "5"]
[White "Firegrizzly"]
[Black "Anton_Demchenko"]
[Result "1/2-1/2"]
[WhiteElo "2668"]
[BlackElo "2845"]
[TimeControl "180+1"]
[EndTime "10:58:30 PDT"]
[Termination "Game drawn - insufficient material"]

1. e4 e5 2. Nf3 Nc6 3. Bc4 Nf6 4. d3 Be7 5. O-O O-O 6. Re1 d6 7. a4 Kh8 8. a5 a6 9. Nc3 Bg4 10. h3 Bh5 11. Be3 Qc8 12. Kh2 Nd4 13. Bxd4 exd4 14. Nb1 c6 15. Nbd2 d5 16. exd5 Bd6+ 17.
Kg1 cxd5 18. Bb3 Bf4 19. Qb1 Qc5 20. Qa2 Rae8 21. Qa4 g5 22. g4 Bg6 23. Nf1 h5 24. gxh5 Bxh5 25. Qxd4 Qd6 26. Rxe8 Rxe8 27. Re1 Rxe1 28.
Nxe1 Be5 29. Qe3 Bxb2 30. Qxg5 Bc3 31. Ng2 Bxa5 32. Nf4 Bg6 33. Nxg6+ fxg6 34. Qxg6 Bc7 35. Ng3 b5 36. h4 Qf8 37. Nf5 Qg8 38. h5 Qxg6+ 39.
hxg6 a5 40. Nd4 a4 41. Ba2 b4 42. Ne6 Bb6 43. Kg2 Kg8 44. Kf3 Ba7 45. Kf4 Bxf2 46. Ke5 Ng4+ 47. Kxd5 Ne3+ 48. Ke4 Nxc2 49. Bc4 Ne3 50. Kd4 b3 51. Bxb3 axb3 52. Kc3 Nf5 53. Kxb3 Ne7 54. d4 Nxg6 55. d5 Kf7 56. Kc4 Ke7 57.
Nd4 Ne5+ 58. Kc3 Kd6 59. Nb5+ Kxd5 60. Na3 Bc5 61. Kb3 Nf3 62. Nc2 Nd2+ 63. Kc3 Ne4+ 64.
Kd3 Nd6 65. Ke2 Kc6 66. Kd3 Nb5 67. Kc4 Nd6+ 68. Kd3 Kd5 69. Kc3 Bb6 70. Kd3 Ba5 71. Ne3+ Kc6 72. Nc4 Nxc4 73. Kxc4 1/2-1/2

[Event "*** Titled Tuesday Blitz"]
[Site "Chess.com"]
[Date "2020.05.05"]
[Round "5"]
[White "Fighter008"]
[Black "NodariousBIG"]
[Result "1-0"]
[WhiteElo "2556"]
[BlackElo "2707"]
[TimeControl "180+1"]
[EndTime "10:58:30 PDT"]
[Termination "Fighter008 won by checkmate"]

1. e4 e6 2. d4 d5 3. Nc3 Nf6 4.
Bg5 Bb4 5. e5 h6 6. Bd2 Bxc3 7.
bxc3 Ne4 8. Qg4 Kf8 9. Bd3 Nxd2 10. Kxd2 c5 11. h4 c4 12. Be2 Bd7 13. Nf3 Qa5 14.
Qf4 Be8 15. h5 Nd7 16. Nh4 Ke7 17. Rh3 Nb6 18. Rg3 Na4 19. Ke1 b5 20. Kf1 Rg8 21. Qe3 Kd7 22. a3 Kc6 23. Kg1 Bd7 24. f4 Qd8 25.
Rh3 Qe7 26. g3 a5 27. Bf3 b4 28. axb4 axb4 29. cxb4 Qxb4 30. f5 Qc3 31. Qxc3 Nxc3 32.
Re1 exf5 33. Rh2 Ra2 34. Rf2 Be6 35. Bg2 Ne4 36. Bxe4 fxe4 37. Ng2 Bg4 38. Rxf7 Bxh5 39. Rf2 Bf3 40. Nh4 Rf8 41. Ref1 g5 42. Ng6 Rb8 43. Ne7+ Kd7 44. Nxd5 g4 45. Ne3 c3 46. Nd1 Rc8 47.
Ne3 Ke6 48. Rh2 Rh8 49. Rh5 Ra5 50. d5+ Rxd5 51. Nxd5 Kxd5 52. Kf2 Kd4 53. Ra1 e3+ 54. Ke1 e2 55. e6 Re8 56. Ra4+ Ke3 57. Re5+ Be4 58.
Raxe4+ Kf3 59. Re3+ Kg2 60. Rxe2+ Kxg3 61. e7 h5 62.
Rxh5 Ra8 63. Rd5 Ra1+ 64. Rd1 Ra6 65. e8=Q Rh6 66. Qe5+ Kf3 67. Qe3# 1-0

[Event "*** Titled Tuesday Blitz"]
[Site "Chess.com"]
[Date "2020.05.05"]
[Round "5"]
[White "FM_VS99"]
[Black "viktorskliarov"]
[Result "1/2-1/2"]
[WhiteElo "2318"]
[BlackElo "2573"]
[TimeControl "180+1"]
[EndTime "10:58:30 PDT"]
[Termination "Game drawn - insufficient material"]

1. c4 e5 2. g3 Nf6 3. Bg2 c6 4. d4 exd4 5. Qxd4 Na6 6. Nf3 Bc5 7. Qe5+ Be7 8. O-O O-O 9. Nc3 Re8 10. Qd4 Nb4 11. Qd1 d5 12. a3 Na6 13. cxd5 cxd5 14. Be3 Nc5 15. Bd4 Nce4 16. Ne5 Nxc3 17. Bxc3 Be6 18.
Qd4 b6 19. Bb4 Rc8 20. Bxe7 Rxe7 21. Rac1 Rec7 22. Qd2 h6 23. Rfd1 Qe7 24. Nd3 Bf5 25. Nb4 Rxc1 26. Rxc1 Rxc1+ 27. Qxc1 Qxe2 28. Nxd5 Ng4 29. Qf4 Qe1+ 30. Bf1 Bd3 31. Ne3 Nxe3 32. fxe3 Bxf1 33.
Qxf1 Qxe3+ 34. Kg2 Qd4 35. Qe2 g6 36. Qc2 h5 37. h3 h4 38. gxh4 Qxh4 39. Qc7 Qg5+ 40. Kf3 Qf6+ 41. Kg3 Qxb2 42. Qxa7 Kg7 43. Qa4 Qc3+ 44.
Kg2 g5 45. Qb5 f6 46. Qxb6 Qxa3 47. Qc7+ Kg6 48. Qc2+ Kf7 49. Qh7+ Ke6 50. Qg8+ Kf5 51. Qc8+ Ke5 52. Qe8+ Kf4 53. Qb8+ Ke4 54. Qb7+ Ke3 55. Qb6+ Ke2 56. Qxf6 Qa8+ 57. Kg3 Qa3+ 58. Kg4 Qb4+ 59. Kxg5 Qd2+ 60. Qf4 Qd8+ 61. Qf6 Qg8+ 62. Qg6 Qd8+ 63.
Qf6 Qg8+ 64. Kf5 Qh7+ 65. Qg6 Qxh3+ 66. Qg4+ Qxg4+ 67. Kxg4 1/2-1/2

[Event "*** Titled Tuesday Blitz"]
[Site "Chess.com"]
[Date "2020.05.05"]
[Round "5"]
[White "kakakz"]
[Black "Grineva_Marianna"]
[Result "1-0"]
[WhiteElo "2435"]
[BlackElo "2154"]
[TimeControl "180+1"]
[EndTime "10:58:32 PDT"]
[Termination "kakakz won on time"]

1. d4 Nf6 2. c4 d6 3. Nc3 g6 4. e4 Bg7 5. Nf3 O-O 6. Be2 e5 7. d5 a5 8. Bg5 h6 9. Bh4 Na6 10. Nd2 Qe8 11. O-O Nh7 12. a3 Bd7 13.
b3 h5 14. f3 Bh6 15. Qc2 Be3+ 16. Bf2 Bxf2+ 17. Rxf2 f5 18. Rb1 Nc5 19. b4 axb4 20. axb4 Na4 21. Nb5 Bxb5 22. cxb5 Qe7 23. Rc1 Rf7 24.
exf5 gxf5 25. f4 e4 26. Nf1 Nf6 27. Ne3 Ng4 28. Bxg4 hxg4 29. Ra1 Nb6 30. Rxa8+ Nxa8 31. Qc3 Nb6 32. Ra2 Qh4 33. g3 Qd8 34. Ra7 Qd7 35.
Rxb7 Qd8 36. Ra7 Kh7 37. Kg2 Kg6 38. Qc6 Qb8 39. Ra6 Nc8 40. Ra8 Qb6 41. Qxb6 Nxb6 42. Ra7 Kf6 43. Kf2 Rd7 44. Kg2 Re7 45. h3 gxh3+ 46.
Kxh3 Rh7+ 47. Kg2 Rg7 48. Kf2 Rh7 49. Kg2 Rg7 50. Rb7 Rh7 51. Rb8 Na4 52. Rf8+ Ke7 53.
Rxf5 Nc3 54. b6 cxb6 55. Rg5 Kd7 56. Rg6 Kc7 57. f5 b5 58. f6 1-0